Map: Turbo Cruise '84 LE

Players

MarineLorD

  • Race: Terran Terran
  • Spawn Location: 7:00

Cham - Winner!

  • Race: Zerg Zerg
  • Spawn Location: 3:00

Event: 2019 WCS Summer

VOD

Have the link to the VOD?

Description

Time

  • Played on: July 13, 2019, 7:57 a.m.
  • Length: 6:49

All games in this series

Show
View Real Time Build Order
Export as new Build Order

MarineLorD Terran 

Build Orders: Gas First Reaper Expand, Liberator Opening 

Get SALT Encoding   

  12  0:00  SCV  
  13  0:12  SCV  
  14  0:17  Supply Depot  
  14  0:24  SCV  
  15  0:29  Refinery  
  15  0:38  SCV  
  16  0:45  Barracks  
  16  0:50  SCV  
  17  1:03  SCV  
  18  1:15  SCV  
  19  1:31  Orbital Command  
  19  1:32  Reaper  
  20  1:44  Command Center  
  20  1:55  Factory  
  20  2:00  SCV  
  21  2:06  Barracks Reactor  
  21  2:12  SCV  
  21  2:14  Supply Depot  
  22  2:24  SCV  
  22  2:27  Refinery  
  23  2:36  SCV  
  24  2:43  Starport  
  24  2:47  Hellion  
  24  2:48  SCV  
  24  2:50  Hellion  
  29  2:53  Barracks Tech Lab  
  29  3:00  Orbital Command  
  29  3:04  SCV  
  30  3:12  Marauder  
  32  3:16  SCV  
  33  3:21  Hellion  
  33  3:25  Hellion  
  37  3:29  SCV  
  37  3:33  Marauder  
  40  3:41  Medivac  
  42  3:42  Supply Depot  
  42  3:47  Hellion x2  
  46  3:54  Armory  
  46  3:58  Liberator  
  46  4:02  Concussive Shells  
  46  4:05  Supply Depot  
  46  4:09  Hellion x2  
  50  4:10  Marine  
  54  4:27  SCV x2  
  54  4:28  Marine  
  54  4:29  Supply Depot  
  57  4:39  SCV x2  
  59  4:51  Liberator, SCV x2  
  61  5:02  Command Center  
  61  5:03  SCV x2  
  64  5:15  SCV x2  
  60  5:21  Hellion x2  
  60  5:22  Marine  
  60  5:27  SCV x2  
  54  5:39  SCV x2  
  52  5:51  SCV x2  
  52  5:55  Marine x2  
  52  5:56  Siege Tank  
  58  6:04  SCV x2  
  59  6:13  Marine  
  59  6:14  Orbital Command  
  59  6:16  SCV x2  
  65  6:18  Marine  
  65  6:28  SCV x2  
Show
View Real Time Build Order
Export as new Build Order

Cham Zerg - Winner!

Build Orders: Hatch First 

Get SALT Encoding   

  12  0:00  Drone  
  13  0:09  Drone  
  14  0:18  Overlord  
  14  0:36  Drone x2  
  16  0:48  Hatchery  
  15  0:51  Drone  
  15  0:57  Drone  
  17  1:01  Drone  
  18  1:12  Extractor  
  18  1:16  Spawning Pool  
  16  1:19  Drone  
  16  1:21  Drone  
  18  1:30  Drone  
  19  1:43  Drone  
  20  1:54  Overlord  
  20  2:02  Queen x2  
  20  2:04  Zergling x4  
  26  2:14  Metabolic Boost  
  26  2:16  Drone  
  26  2:17  Drone  
  29  2:22  Drone  
  29  2:24  Drone  
  30  2:43  Hatchery  
  29  2:48  Overlord  
  29  2:49  Drone x2  
  31  2:51  Drone  
  34  2:59  Queen  
  34  3:05  Drone x2  
  38  3:13  Drone x2  
  38  3:15  Drone  
  38  3:16  Drone x3  
  42  3:22  Drone  
  43  3:41  Overlord  
  43  3:43  Drone  
  44  3:49  Overlord  
  44  3:50  Overlord  
  44  3:54  Queen x2  
  48  3:56  Drone x2  
  48  4:02  Drone x5, Evolution Chamber, Roach Warren  
  55  4:08  Extractor  
  52  4:11  Zergling x4  
  52  4:12  Zergling x2  
  55  4:20  Overlord  
  55  4:21  Drone  
  55  4:22  Drone  
  55  4:23  Drone x2  
  59  4:28  Drone  
  60  4:33  Overlord  
  60  4:43  Roach x7  
  60  4:44  Extractor  
  71  4:48  Roach  
  71  4:50  Roach  
  73  4:55  Roach  
  71  5:02  Queen x2  
  71  5:04  Roach x2  
  76  5:11  Roach  
  76  5:13  Roach x2  
  75  5:20  Roach x2  
  77  5:23  Roach  
  77  5:24  Roach  
  77  5:26  Roach x2  
  81  5:28  Ravager  
  74  5:37  Roach x3  
  74  5:39  Overlord  
  74  5:40  Roach  
  81  5:46  Zergling x2  
  81  5:54  Overlord  
  81  5:55  Overlord  
  81  5:57  Ravager  
  82  5:58  Ravager  
  82  5:59  Zergling x6  
  82  6:02  Ravager  
  82  6:09  Ravager  
  83  6:16  Zergling x8  
  86  6:27  Zergling x2  
  86  6:28  Ravager x2  
Tags
 
Add a new tag
Caveats
  • Supply blocks, unpowered buildings, or Contaminate may cause inaccurate times.
  • Supply counts are checked every 10 seconds.